 Dungeon Crawl Stone Soup version 0.30.1-4-g462c640d31 (webtiles) character file.

Game seed: 1995017717931176497

10 Anxiouscannon97 the Digger (level 2, 0/20 HPs)
             Began as a Draconian Earth Elementalist on May 10, 2023.
             Slain by a kobold
             ... wielding a +0 short sword
              (2 damage)
             ... on level 1 of the Dungeon on Sept 11, 2023.
             The game lasted 00:10:04 (338 turns).

Anxiouscannon97 the Digger (DrEE)                    Turns: 338, Time: 00:10:04

Health: 0/20       AC:  4    Str: 10    XL:     2   Next: 10%
Magic:  5/5        EV: 12    Int: 15    God:
Gold:   0          SH:  0    Dex: 11    Spells: 4/5 levels left

rFire   . . .        (no weapon)
rCold   . . .        (no shield)
rNeg    . . .        (body armour unavailable)
rPois   .            (helmet restricted)
rElec   .            (no cloak)
rCorr   .            (no gloves)
SInv    .            (no boots)
Will    .....        (no amulet)
Stlth   ++           (no ring)
HPRegen 0.23/turn    (no ring)
MPRegen 0.09/turn

%: no passive effects
@: no status effects
A: AC +4, unfitting armour, cold-blooded
a: no special abilities


You were on level 1 of the Dungeon.
You visited 1 branch of the dungeon, and saw 1 of its levels.

Inventory:

Hand Weapons
 b - a +0 club
 c - a +0 short sword
Potions
 a - a potion of magic (quivered)


   Skills:
 + Level 2.0 Dodging
 + Level 1.7 Stealth
 + Level 2.1 Spellcasting
 + Level 1.0 Transmutations
 + Level 3.3 Earth Magic


You had 4 spell levels left.
You knew the following spells:

 Your Spells              Type           Power      Damage    Failure   Level
a - Sandblast             Erth           22%        2d7       5%          1

Your spell library contained the following spells:

 Spells                   Type           Power      Damage    Failure   Level
 Passwall                 Tmut/Erth      6%         N/A       14%         2
 Stone Arrow              Conj/Erth      12%        3d7       32%         3
 Petrify                  Tmut/Erth      8%         N/A       65%         4


Dungeon Overview and Level Annotations

Branches:
Dungeon (1/15)

Altars:


Innate Abilities, Weirdness & Mutations

Your plain brown scales are hard. (AC +4)
You cannot fit into any form of body armour.
You are cold-blooded and may be slowed by cold attacks.


Message History

The bat barely misses you. The kobold attacks as you move away!
The kobold hits you but does no damage. The bat hits you but does no damage.
You see here a +0 club.
The bat hits you but does no damage. The bat hits you but does no damage.
The bat attacks as you move away! The bat closely misses you.
The bat hits you but does no damage. The bat barely misses you.
The bat attacks as you move away! The bat misses you.
The bat hits you but does no damage. The bat barely misses you.
The kobold attacks as you move away!
The kobold hits you with a +0 short sword.
* * * LOW HITPOINT WARNING * * *
The bat closely misses you. The bat attacks as you move away!
The bat barely misses you. The bat completely misses you.
The bat barely misses you.
Really attack while wielding nothing? [Y]es or [N]o only, please.
Really attack while wielding nothing? [Y]es or [N]o only, please.
Really attack while wielding nothing?
You hit the bat but do no damage.
Your tail-slap misses the bat.
The bat hits you.
* * * LOW HITPOINT WARNING * * *
The kobold completely misses you.
You closely miss the kobold. The bat hits you but does no damage.
The kobold hits you with a +0 short sword.
* * * LOW HITPOINT WARNING * * *
You hit the kobold.
The kobold is moderately wounded.
The bat hits you but does no damage.
The kobold hits you with a +0 short sword.
* * * LOW HITPOINT WARNING * * *
You barely miss the kobold. You tail-slap the kobold.
The kobold is heavily wounded.
The bat hits you but does no damage.
The kobold hits you with a +0 short sword.
You die...

#.##########
.##..........#
.............#
#..........# #..........#
######..........###
#..................
#......#....#######
#......###..b@###
#......# #...K..#
#...#.## ###.##.#
#...#.######.##.#####
####.....#.............#
.........#.####..##.##.#
###......#.#.....##.##
###......#K#.##......# #
..#......#.#.........#.#.


You could see a bat and a kobold.

Vanquished Creatures
  A dart slug (D:1)
  A bat (D:1)
  A hobgoblin (D:1)
  A kobold (D:1)
  A ball python (D:1)
  2 goblins (D:1)
  A rat (D:1)
8 creatures vanquished.

Notes
Turn   | Place    | Note
-------+----------+-------------------------------------------
     0 | D:1      | Anxiouscannon97 the Draconian Earth Elementalist began the
                  | quest for the Orb.
     0 | D:1      | Reached XP level 1. HP: 14/14 MP: 3/3
    54 | D:1      | Upgraded the game from 0.30.0-5-g1a98f26d00 to
                  | 0.30.0-15-g856e2d3f33
    92 | D:1      | Reached XP level 2. HP: 8/20 MP: 5/5
   265 | D:1      | Upgraded the game from 0.30.0-15-g856e2d3f33 to
                  | 0.30.1-4-g462c640d31
   338 | D:1      | Slain by a kobold

Illustrated notes

Levels and vault maps discovered:
D:1:      psy_arrival_statuary, layout_basic

Skill      XL: |  1 |
---------------+----+-----
Dodging        | 2 |  2.0
Stealth        | |  1.7
Spellcasting   | |  2.1
Transmutations | |  1.0
Earth Magic    | |  3.3

Action                     || total
---------------------------++-------
  Melee: Club              ||    13
         Unarmed           ||    34
         Tailslap          ||     2
   Cast: Sandblast         ||     1
 Armour: Skin              ||    67
  Dodge: Dodged            ||   111
